 Dungeon Crawl Stone Soup version 0.31-a0-1496-g79c7dd0eeb (webtiles) character file.

Game seed: 14126785783078902775

40696 dorian the Grappler (level 14, -3/113 HPs)
             Began as a Barachi Shapeshifter on Dec 29, 2023.
             Was the Champion of Cheibriados.
             Slain by an azure jelly (4 damage)
             ... in an ice cave.
             The game lasted 00:39:19 (17538 turns).

dorian the Grappler (Barachi Shapeshifter)         Turns: 17538, Time: 00:39:20

Health: -3/113     AC: 12    Str: 34    XL:     14   Next: 12%
Magic:  18/18      EV: 19    Int: 26    God:    Cheibriados [******]
Gold:   1050       SH:  0    Dex: 30    Spells: 11/13 levels left

rFire   + .          .
                       - Unarmed
rCold   . . .        v - melded orb {light}
rNeg    . . .        N - +2 chain mail of Quantum Leap {rF+ Stlth+}
rPois   +            O - +2 hat {SInv}
rElec   +            (no cloak)
rCorr   .            (gloves currently unavailable)
SInv    +            (no boots)
Will    ++...        (no amulet)
Stlth   +            x - +4 ring of protection
HPRegen 0.38/turn    h - ring of Weoruw {rElec rPois Will+ Str+2}
MPRegen 0.16/turn

%: no passive effects
@: mighty, blade hands, very slow
A: amphibious, slowness 1, strong legs 2, +LOS
a: Hop, Begin Untransformation, Renounce Religion, Bend Time, Temporal
Distortion, Slouch, Step From Time


You were in an ice cave.
You worshipped Cheibriados.
Cheibriados was exalted by your worship.
You had blades for hands.
You visited 3 branches of the dungeon, and saw 16 of its levels.
You also visited: Ice Cave.

You collected 1930 gold pieces.
You spent 880 gold pieces at shops.

Inventory:

Hand Weapons
 s - the +7 falchion of the Inferno {vamp, rPois Will+}
   (You found it on level 4 of the Dungeon)

   rPois:     It protects you from poison Will+: It increases your willpower.
 w - the +5 woodcutter's axe
   (You took it off an orc on level 5 of the Dungeon)
Missiles
 k - 22 boomerangs
 F - 2 throwing nets
Armour
 a - a +0 animal skin
 t - the +0 helmet of the Depths {Dex+4}
   (You bought it in a shop on level 2 of the Orcish Mines)

   Dex+4:     It affects your dexterity (+4).
 v - an orb of light (melded)
 z - a +2 robe of fire resistance
 K - a +2 pair of gloves
 N - the +2 chain mail of Quantum Leap (worn) {rF+ Stlth+}
   (You bought it in a shop on level 2 of the Orcish Mines)

   rF+:       It protects you from fire.
   Stlth+:    It makes you more stealthy.
 O - a +2 hat of see invisible (worn)
 P - +0 acid dragon scales
Jewellery
 h - the ring of Weoruw (right blade hand) {rElec rPois Will+ Str+2}
   (You acquired it on level 3 of the Dungeon)

   [ring of poison resistance]

   Str+2:     It affects your strength (+2).
   rElec:     It insulates you from electricity.
   rPois:     It protects you from poison Will+: It increases your willpower.
 o - a +5 ring of evasion
 x - a +4 ring of protection (left blade hand)
 D - a ring of fire
 H - a ring of flight
 J - a ring of wizardry
 M - a +6 ring of dexterity
Talismans
 c - a beast talisman
 d - a flux talisman
 e - a serpent talisman
 y - a blade talisman (active)
Wands
 b - a wand of roots (10)
 u - a wand of polymorph (16)
 I - a wand of paralysis (1)
 R - a wand of flame (10)
Scrolls
 i - a scroll of amnesia
 j - a scroll of poison
 l - a scroll of immolation
 q - 2 scrolls of summoning
 A - a scroll of vulnerability
 B - 3 scrolls of fog
 C - 8 scrolls of identify
 E - 4 scrolls of teleportation
 G - 2 scrolls of enchant weapon
Potions
 f - 2 potions of invisibility
 g - a potion of might
 m - 2 potions of mutation
 p - 3 potions of degeneration
 r - a potion of curing
 Q - a potion of attraction {unknown}


   Skills:
 + Level 11.2 Fighting
 + Level 3.5 Armour
 + Level 10.4 Dodging
 * Level 14.7 Unarmed Combat
 + Level 2.5 Translocations
 * Level 6.6 Invocations
 * Level 13.6 Shapeshifting


You had 11 spell levels left.
You knew the following spells:

 Your Spells              Type           Power      Damage    Failure   Level
a - Blink                 Tloc           26%        N/A       24%         2

Your spell library contained the following spells:

 Spells                   Type           Power      Damage    Failure   Level
 Apportation              Tloc           26%        N/A       16%         1
 Kiss of Death            Conj/Necr      0%         2d5       41%         1
 Magic Dart               Conj           0%         1d3       41%         1
 Slow                     Hex            0%         N/A       41%         1
 Call Imp                 Summ           0%         N/A       56%         2
 Ensorcelled Hibernation  Hex/Ice        0%         N/A       56%         2
 Jinxbite                 Hex            0%         N/A       56%         2
 Searing Ray              Conj           0%         2d4       56%         2
 Call Canine Familiar     Summ           0%         N/A       80%         3
 Confusing Touch          Hex            0%         N/A       80%         3
 Dazzling Flash           Conj/Hex       0%         N/A       80%         3
 Mephitic Cloud           Conj/Alch/Air  0%         N/A       80%         3
 Passwall                 Erth           0%         N/A       80%         3
 Sigil of Binding         Hex            0%         N/A       80%         3
 Swiftness                Air            0%         N/A       80%         3
 Vampiric Draining        Necr           0%         2d6       80%         3
 Dimensional Bullseye     Hex/Tloc       3%         N/A       95%         4
 Animate Armour           Summ/Erth      0%         N/A       99%         4
 Dispel Undead            Necr           0%         3d6       99%         4
 Fulminant Prism          Conj/Alch      0%         3d5       99%         4
 Summon Blazeheart Golem  Fire/Summ      0%         N/A       99%         4
 Summon Lightning Spire   Summ/Air       0%         N/A       99%         4
 Alistair's Intoxication  Alch           0%         N/A       100%        5
 Curse of Agony           Necr           0%         N/A       100%        5
 Lee's Rapid Deconstruct  Erth           0%         3d4*      100%        5
 Silence                  Hex/Air        0%         N/A       100%        5
 Orb of Destruction       Conj           0%         9d5       100%        7
 Spellforged Servitor     Conj/Summ      0%         N/A       100%        7


Dungeon Overview and Level Annotations

Branches:
Dungeon (13/15)            Temple (1/1) D:7            Lair (0/5) D:10
    Orc (2/2) D:9             Elf (0/3) Orc:2         IceCv (1/1)
 Vaults: D:13-14

Altars:
Ashenzari
Cheibriados
Dithmenos
Elyvilon
Fedhas
Gozag
Hepliaklqana
Kikubaaqudgha
Makhleb
Nemelex Xobeh
Okawaru
Qazlal
Ru
Sif Muna
Trog
Uskayaw
Vehumet
Wu Jian
Xom
Yredelemnul
Zin
The Shining One

Shops:
D:3 (   D:8 (   Orc:2 :(*[

Annotations:
D:4 2 transporters, mopl's ghost, novice FoWr
D:11 exclusion: statue
D:12 2 transporters, NigelTetley's ghost, journeyman DsGl
Orc:1 3 runed translucent doors, bumbalina's ghost, journeyman DEFE


Innate Abilities, Weirdness & Mutations

You have blades for hands.
You are incapable of wielding weapons or throwing items.
You are amphibious.
You cover ground slowly.
You can hop long distances.
You have an extended range of vision and can be seen from far away.


Message History

The azure jelly hits you but does no damage.
You slice the azure jelly!!
The azure jelly is severely wounded.
The azure jelly closely misses you.
The azure jelly hits you but does no damage.
The azure jelly hits you.
* * * LOW HITPOINT WARNING * * *
The azure jelly barely misses you.
You hit the azure jelly.
The azure jelly is severely wounded.
The azure jelly hits you but does no damage. x2
The azure jelly barely misses you.
The azure jelly hits you but does no damage.
You feel much better.
The azure jelly hits you but does no damage.
The azure jelly barely misses you. The azure jelly completely misses you.
The azure jelly hits you.
You slash the azure jelly!
The azure jelly is almost dead.
The azure jelly hits you. The azure jelly freezes you!
The azure jelly completely misses you. The azure jelly hits you!
* * * LOW HITPOINT WARNING * * *
The azure jelly hits you but does no damage.
You completely miss the azure jelly.
The azure jelly is almost dead.
The azure jelly completely misses you. x2; The azure jelly misses you.
The azure jelly hits you but does no damage.
You closely miss the azure jelly.
The azure jelly is almost dead.
You barely miss the azure jelly.
The azure jelly is almost dead.
The azure jelly hits you.
* * * LOW HITPOINT WARNING * * *
The azure jelly freezes you!!
* * * LOW HITPOINT WARNING * * *
The azure jelly hits you but does no damage.
The azure jelly hits you.
* * * LOW HITPOINT WARNING * * *
The azure jelly hits you.
You die...

########....###
#.........#.## #.......###
##.#########.#
###.......#####.##### ##.
####...............## ##
...######...........#### #
.....## #######........###
#......##########.......#.
..#.............####.....#
_.......J@#..............#
..#.....###.....####.....#
#.....####.....###......##
..... #.............###
...# ###.........### ##
###########


You could see an azure jelly.

Vanquished Creatures
  Jorgrun (Orc:2)
  An orc warlord (Orc:2)
  A quicksilver ooze (IceCv)
  An ettin (Orc:2)
  Snorg (D:13)
  3 boulder beetles
  A centaur warrior (D:13)
  3 two-headed ogres
  3 orc high priests (Orc:2)
  Lodul (D:12)
  A death drake (shapeshifter) (D:13)
  Pikel (D:8)
  An ugly thing (D:12)
  5 orc sorcerers
  3 orc knights (Orc:2)
  2 cyclopes
  5 kobold blastminers
  2 ice statues (IceCv)
  A gargoyle (D:12)
  An unseen horror (D:10)
  5 trolls
  3 red devils (D:9)
  3 hornets
  Sigmund (D:3)
  23 slime creatures
  2 wraiths
  A wyvern (D:11)
  A basilisk (D:12)
  17 yaks
  2 wargs (Orc:2)
  A steam dragon (D:9)
  3 vampire mosquitoes (D:11)
  3 acid dragons
  3 great orb of eyes simulacra (IceCv)
  2 water moccasins
  4 ice beasts
  33 orc warriors
  A black bear (D:7)
  15 ogres
  5 wolves (D:10)
  6 centaurs
  2 slime creature simulacra (IceCv)
  3 lemures (D:8)
  3 bullfrogs
  Blork the orc (D:4)
  3 kobold brigands
  A wyvern zombie (D:7)
  6 glowing shapeshifter simulacra (IceCv)
  3 scorpions
  A wight (D:7)
  14 killer bees
  2 electric eels (D:10)
  10 howler monkeys
  2 bullfrog zombies (D:7)
  3 centaur zombies (D:7)
  2 bombardier beetles (D:4)
  6 hounds
  25 orc priests
  A gnoll bouda (D:9)
  An iguana (D:7)
  32 orc wizards
  2 shapeshifter simulacra (IceCv)
  A killer bee zombie (D:7)
  A howler monkey zombie (D:7)
  5 gnolls (D:9)
  7 adders
  3 worms
  3 dart slugs
  77 orcs
  7 endoplasms
  13 giant cockroaches
  2 goblins
  10 hobgoblins
  4 jackals (D:2)
  11 kobolds
  7 quokkas
  8 ball pythons
  5 bats
  5 frilled lizards
  4 rats
468 creatures vanquished.

Vanquished Creatures (collateral kills)
  Maurice (Orc:2)
  An ogre (Orc:2)
2 creatures vanquished.

Vanquished Creatures (others)
  An orc wizard (D:9)
  An orc (D:10)
2 creatures vanquished.

Grand Total: 472 creatures vanquished

Notes
Turn   | Place    | Note
-------+----------+-------------------------------------------
     0 | D:1      | dorian the Barachi Shapeshifter began the quest for the
                  | Orb.
     0 | D:1      | Reached XP level 1. HP: 15/15 MP: 1/1
   171 | D:1      | Reached XP level 2. HP: 10/21 MP: 2/2
   646 | D:1      | Reached XP level 3. HP: 27/27 MP: 3/3
   745 | D:1      | Found a faded altar of an unknown god.
  1013 | D:2      | Found a shimmering altar of Xom.
  1254 | D:2      | Reached skill level 4 in Unarmed Combat
  1675 | D:2      | Reached XP level 4. HP: 30/33 MP: 4/4
  2181 | D:3      | Found Doaclalale's Weapon Boutique.
  2478 | D:3      | Found an iron altar of Okawaru.
  2684 | D:3      | Noticed Sigmund
  2729 | D:3      | Identified a scroll of acquirement
  2729 | D:3      | Acquired the ring of Weoruw {rElec rPois Will+ Str+2}
  2862 | D:3      | Killed Sigmund
  2863 | D:3      | Reached skill level 5 in Unarmed Combat
  2863 | D:3      | Reached XP level 5. HP: 37/41 MP: 5/5
  2863 | D:3      | Reached XP level 6. HP: 43/47 MP: 6/6
  2979 | D:4      | You fall into a shaft and drop 1 floor!
  2979 | D:5      | Entered Level 5 of the Dungeon
  2994 | D:5      | Noticed an ice beast
  3024 | D:5      | Killed an ice beast
  3025 | D:5      | Reached skill level 5 in Shapeshifting
  3261 | D:4      | Reached XP level 7. HP: 52/52 MP: 7/7
  3447 | D:4      | Identified the +7 falchion of the Inferno {vamp, rPois
                  | Will+}
  3449 | D:4      | Found a transporter.
  3455 | D:4      | Identified the +6 great mace "Vott" {antimagic, rPois rC+
                  | rCorr}
  3455 | D:4      | Noticed mopl's ghost (novice FoWr)
  3461 | D:4      | Found a transporter.
  3560 | D:4      | Found an ancient bone altar of Kikubaaqudgha.
  3561 | D:4      | Found a white marble altar of Elyvilon.
  3665 | D:4      | Reached skill level 6 in Unarmed Combat
  3981 | D:4      | Found a shadowy altar of Dithmenos.
  4005 | D:4      | Found a burning altar of Makhleb.
  4189 | D:4      | Noticed Blork the orc
  4249 | D:4      | Killed Blork the orc
  4273 | D:4      | Found a shimmering blue altar of Sif Muna.
  4357 | D:5      | Reached XP level 8. HP: 47/60 MP: 8/8
  4600 | D:5      | Found a hazy altar of Hepliaklqana.
  5390 | D:6      | Reached skill level 7 in Unarmed Combat
  5692 | D:6      | Reached skill level 5 in Fighting
  5692 | D:6      | Reached skill level 5 in Dodging
  6002 | D:7      | Reached XP level 9. HP: 39/68 MP: 9/9
  6105 | D:7      | Reached skill level 8 in Unarmed Combat
  6698 | D:7      | Found a staircase to the Ecumenical Temple.
  6713 | Temple   | Entered the Ecumenical Temple
  6721 | Temple   | Became a worshipper of Cheibriados the Contemplative
  7242 | D:8      | Found Qiyxkuz's Weapon Shoppe.
  7273 | D:8      | Noticed Pikel
  7344 | D:8      | Killed Pikel
  7345 | D:8      | Reached skill level 9 in Unarmed Combat
  7406 | D:8      | Reached XP level 10. HP: 48/77 MP: 10/10
  7585 | D:8      | Reached * piety under Cheibriados
  8062 | D:9      | Noticed a two-headed ogre
  8073 | D:9      | Killed a two-headed ogre
  8074 | D:9      | Reached skill level 10 in Unarmed Combat
  8108 | D:9      | Reached ** piety under Cheibriados
  8549 | D:9      | Found a staircase to the Orcish Mines.
  8986 | D:9      | Reached *** piety under Cheibriados
  8987 | D:9      | Reached skill level 10 in Shapeshifting
  9133 | D:9      | Reached skill level 11 in Unarmed Combat
  9133 | D:9      | Reached XP level 11. HP: 86/86 MP: 11/11
  9690 | D:10     | Entered Level 10 of the Dungeon
  9801 | D:10     | Reached **** piety under Cheibriados
  9986 | D:10     | Found a staircase to the Lair.
  9995 | D:10     | Identified the +6 shortbow of Spontaneous Combustion
                  | {drain, Int+4}
 10350 | D:10     | Identified the +2 cloak of Wu Jian's Inspiration {rF++
                  | Will-}
 10464 | D:10     | Found a broken altar of Ashenzari.
 10703 | D:11     | Reached skill level 12 in Unarmed Combat
 11231 | D:11     | Noticed a two-headed ogre
 11236 | D:11     | Killed a two-headed ogre
 11330 | D:11     | Reached ***** piety under Cheibriados
 11749 | D:11     | Found a radiant altar of Vehumet.
 12064 | Orc:1    | Entered Level 1 of the Orcish Mines
 12084 | D:9      | Reached XP level 12. HP: 40/95 MP: 12/12
 12352 | Orc:1    | Reached skill level 1 in Invocations
 12679 | Orc:1    | Found a runed translucent gate.
 12679 | Orc:1    | Found a runed translucent gate.
 12680 | Orc:1    | Found a runed translucent gate.
 12684 | Orc:1    | Noticed bumbalina's ghost (journeyman DEFE)
 12948 | Orc:2    | Entered Level 2 of the Orcish Mines
 12950 | Orc:2    | Found a staircase to the Elven Halls.
 13006 | Orc:2    | Noticed Jorgrun
 13012 | Orc:2    | Killed Jorgrun
 13013 | Orc:2    | Reached skill level 13 in Unarmed Combat
 13127 | Orc:2    | Noticed an orc warlord
 13153 | Orc:2    | Killed an orc warlord
 13188 | Orc:2    | Noticed an orc high priest
 13490 | Orc:2    | Reached skill level 10 in Fighting
 13764 | Orc:2    | Noticed an orc high priest
 13768 | Orc:2    | Killed an orc high priest
 13771 | Orc:2    | Noticed a soul eater
 13771 | Orc:2    | Killed an orc high priest
 13813 | Orc:1    | Reached ****** piety under Cheibriados
 13959 | Orc:2    | Gained mutation: You can hop long distances. [Barachi
                  | growth]
 13959 | Orc:2    | Reached XP level 13. HP: 103/103 MP: 16/16
 14133 | Orc:2    | Noticed Maurice
 14139 | Orc:2    | Noticed an ettin
 14146 | Orc:2    | Killed an ettin
 14147 | Orc:2    | Killed Maurice
 14537 | Orc:2    | Reached skill level 14 in Unarmed Combat
 14537 | Orc:2    | Reached skill level 5 in Invocations
 14809 | Orc:2    | Found Kifaedwa's General Store.
 14810 | Orc:2    | Found Foopu's Book Shop.
 14813 | Orc:2    | Found Dyetilou's Antique Armour Boutique.
 14813 | Orc:2    | Found Nasihug's Antique Weapon Boutique.
 14818 | Orc:2    | Bought a potion of heal wounds for 75 gold pieces
 14829 | Orc:2    | Bought a dazzling helmet for 294 gold pieces
 14829 | Orc:2    | Identified the +0 helmet of the Depths {Dex+4} (You bought
                  | it in a shop on level 2 of the Orcish Mines)
 14897 | Orc:2    | Bought a faintly glowing chain mail for 294 gold pieces
 14897 | Orc:2    | Identified the +2 chain mail of Quantum Leap {rF+ Stlth+}
                  | (You bought it in a shop on level 2 of the Orcish Mines)
 14897 | Orc:2    | Bought a glowing hat for 217 gold pieces
 15095 | D:12     | Found a bloodstained altar of Trog.
 15296 | D:12     | Noticed NigelTetley's ghost (journeyman DsGl)
 15320 | D:12     | Reached skill level 1 in Armour
 15441 | D:12     | Noticed Lodul
 15456 | D:12     | Killed Lodul
 15457 | D:12     | Reached skill level 10 in Dodging
 15777 | D:12     | Learned a level 2 spell: Blink
 16097 | D:12     | Found a transporter.
 16100 | D:12     | Found a transporter.
 16176 | D:13     | Noticed Snorg
 16179 | D:13     | Killed Snorg
 16204 | D:13     | Reached skill level 1 in Translocations
 16533 | D:13     | Found a frozen archway.
 16545 | IceCv    | Entered an ice cave
 17118 | IceCv    | Reached XP level 14. HP: 79/113 MP: 18/18
 17231 | IceCv    | Noticed a quicksilver ooze
 17233 | IceCv    | Killed a quicksilver ooze
 17527 | IceCv    | Found a viscous altar of Jiyva.
 17527 | IceCv    | Noticed an azure jelly
 17538 | IceCv    | HP: 5/113 [azure jelly (19)]
 17538 | IceCv    | HP: 1/113 [azure jelly (4)]
 17538 | IceCv    | Slain by an azure jelly

Illustrated notes

Levels and vault maps discovered:
D:1:      dpeg_arrival_tiny_j, layout_loops_ring,
          dreamdust_ecumenical_altar_hidden_monk_grotto, hangedman_glass_teeth,
          serial_bayou_pond_b
D:2:      layout_loops_corners, basic_altar, grunt_decor_arrowhead,
          minmay_box_of_dots
D:3:      minmay_roachtagon, layout_basic, mainiacjoe_overflow_alcove_4,
          serial_shops, nicolae_shop_bloodbath_and_beyond, uniq_sigmund
D:4:      layout_basic, gammafunk_temple_overflow_statue, tgw_sif,
          jmf_multi_god_temple2, gammafunk_ghost_smash,
          minmay_misc_feat_four_crosses, nrook_uturn
D:5:      layout_loops_cross, worldfamousw_hep_ancestral_shrine,
          nicolae_underground_beach
D:6:      layout_rooms
D:7:      layout_basic, minmay_temple_entry_tees, serial_undead,
          serial_undead_b, serial_undead_f, serial_undead_f, serial_undead_b
D:8:      layout_loops_ring, serial_shops, shop, hangedman_decor_points,
          uniq_pikel
D:9:      minmay_recursive_quarters, layout_loops_ring, orc_0_dummy,
          einodemon_armed_red_devil_minivault
D:10:     layout_roguey, mainiacjoe_overflow_paths, erik_lair_island
D:11:     layout_layer_cave, hangedman_decor_slide_cut, vehumet_statue
D:12:     layout_irregular_city, gammafunk_ghost_wrathful_warriors, uniq_lodul
D:13:     layout_roguey, portal_ice_cave_entry_pillars_1, minivault_25,
          uniq_snorg
Temple:   nicolae_temple_two_arcs
Orc:1:    layout_caves, ebering_ghost_rock_garden, basic_altar
Orc:2:    st_orc_congregation, layout_caves,
          regret_index_minedec_shroomtown_chain, lightli_orcish_oven,
          uniq_maurice, uniq_jorgrun
IceCv:    ice_cave_hellmonk_azure_passage

Skill      XL: |  1  2  3  4  5  6  7  8  9 10 11 12 13 |
---------------+----------------------------------------+-----
Fighting       | 2 3 4 5 6 8 9 10 11 | 11.2
Unarmed Combat | 4 5 6 7 9 11 12 13 14 | 14.7
Shapeshifting  | 4 5 6 7 8 10 11 12 13 | 13.6
Dodging        | 3 4 5 6 7 8 9 10 | 10.4
Invocations    | 4 6 |  6.6
Armour         | 3 |  3.5
Translocations | 2 |  2.5

Action                     |  1- 3 |  4- 6 |  7- 9 | 10-12 | 13-15 || total
---------------------------+-------+-------+-------+-------+-------++-------
  Melee: Unarmed           |   114 |   115 |   282 |   509 |   219 ||  1239
         Punch             |     1 |     1 |     2 |       |    23 ||    27
         Constrict         |       |       |     8 |   134 |    18 ||   160
Ability: Hop               |       |     1 |     2 |       |     2 ||     5
         Begin Untransform |       |       |       |     1 |       ||     1
  Evoke: Wand              |       |     2 |     3 |     3 |     4 ||    12
    Use: Potion            |       |     4 |       |     3 |     2 ||     9
         Scroll            |       |     2 |    13 |     7 |     1 ||    23
   Stab: Sleeping          |     2 |     1 |     2 |       |       ||     5
         Confused          |       |       |       |       |     1 ||     1
 Armour: Animal skin       |    64 |    53 |    22 |    10 |       ||   149
         Skin              |       |    30 |   120 |   338 |    27 ||   515
         Chain mail        |       |       |       |       |    78 ||    78
  Dodge: Dodged            |    75 |    71 |   254 |   451 |   147 ||   998
   Form: Flux              |       |       |     1 |       |       ||     1
         Serpent           |       |       |     1 |     1 |       ||     2
         Blade             |       |       |       |       |     1 ||     1

Table legend: (Time is in decaauts)
 A = Elapsed time spent in this place.
 B = Non-inter-level travel time spent in this place.
 C = Inter-level travel time spent in this place.
 D = Time resting spent in this place.
 E = Time spent auto-exploring this place.
 F = Levels seen in this place.
 G = Mean time per level.
                   A        B        C        D        E       F      G
               +--------+--------+--------+--------+--------+-----+--------+
         Total |  22786 |  21606 |   1180 |   1779 |  16445 |  17 | 1340.4 |
       Dungeon |  17726 |  16769 |    957 |    682 |  13811 |  13 | 1363.5 |
        Temple |     21 |      3 |     18 |      0 |      0 |   1 |   21.0 |
  Orcish Mines |   3781 |   3577 |    204 |    489 |   2278 |   2 | 1890.5 |
      Ice Cave |   1256 |   1256 |      0 |    607 |    355 |   1 | 1256.0 |
               +--------+--------+--------+--------+--------+-----+--------+

Top non-repeatable levels by time:
     D:9: 2655 daAuts
   Orc:2: 2587 daAuts
    D:11: 2145 daAuts
    D:12: 1829 daAuts
    D:10: 1470 daAuts
     D:2: 1320 daAuts
   IceCv: 1256 daAuts
     D:4: 1247 daAuts
     D:7: 1220 daAuts
   Orc:1: 1193 daAuts
     D:5: 1176 daAuts
     D:1: 1068 daAuts
     D:6: 1048 daAuts
     D:8: 1019 daAuts
     D:3: 949 daAuts
